 Dungeon Crawl Stone Soup version 0.21.1-1-g345015fe64 (webtiles) character file.

77 Nattfarinn the Magician (level 4, -1/24 HPs)
             Began as a Deep Elf Fire Elementalist on May 6, 2018.
             Slain by Natasha (2 damage)
             ... on level 3 of the Dungeon.
             The game lasted 00:04:14 (1667 turns).

Nattfarinn the Magician (DEFE)                      Turns: 1667, Time: 00:04:14

Health: -1/24      AC:  2    Str:  5    XL:     4   Next: 13%
Magic:  4/12       EV: 13    Int: 21    God:
Gold:   124        SH:  0    Dex: 15    Spells: 10/11 levels left

rFire    . . .     SeeInvis .   d - +2 dagger (holy)
rCold    . . .     Gourm    .   (no shield)
rNeg     . . .     Faith    .   a - +0 robe
rPois    .         Spirit   .   (no helmet)
rElec    .         Reflect  .   (no cloak)
rCorr    .         Harm     .   (no gloves)
MR       .....                  (no boots)
Stlth    ++........             k - amulet of inaccuracy (curse)
HPRegen  0.08/turn              (no ring)
MPRegen  0.13/turn              (no ring)

@: very slightly contaminated
A: no striking features
a: no special abilities


You were on level 3 of the Dungeon.
You were not hungry.

You visited 1 branch of the dungeon, and saw 3 of its levels.

You collected 124 gold pieces.

Inventory:

Hand Weapons
 d - a +2 dagger of holy wrath (weapon)
Armour
 a - a +0 robe (worn)
Jewellery
 k - a cursed amulet of inaccuracy (around neck)
 l - an uncursed ring of flight {unknown}
Scrolls
 j - a scroll of remove curse {unknown}
 m - 2 scrolls of amnesia {unknown}
 n - a scroll of enchant weapon {unknown}
 q - a scroll of teleportation
Potions
 e - 2 potions of cancellation {unknown}
 f - 2 potions of magic
 h - 2 potions of invisibility {unknown}
 i - 2 potions of heal wounds {unknown}
 o - a potion of resistance {unknown}
 p - a potion of mutation {unknown}
Books
 b - a book of Flames

   Spells                             Type                      Level
   a - Flame Tongue                   Conjuration/Fire             1
   b - Throw Flame                    Conjuration/Fire             2
   c - Conjure Flame                  Conjuration/Fire             3
   d - Inner Flame                    Hexes/Fire                   3
   e - Sticky Flame                   Conjuration/Fire             4
   f - Fireball                       Conjuration/Fire             5
Comestibles
 c - 6 rations
 g - 3 chunks of flesh


   Skills:
 - Level 2.4 Dodging
 - Level 2.4 Stealth
 + Level 4.0 Spellcasting
 * Level 3.2 Conjurations
 + Level 3.9 Fire Magic


You had 10 spell levels left.
You knew the following spells:

 Your Spells              Type           Power        Failure   Level  Hunger
a - Flame Tongue          Conj/Fire      ###..        2%          1    None


Dungeon Overview and Level Annotations

Branches:
Dungeon (3/15)

Altars:
Wu Jian

Annotations:
D:3 Natasha


Message History

Natasha is moderately wounded.
Natasha completely misses you.
Casting: Flame Tongue
Confirm with . or Enter, or press ? or * to list all spells.
Aiming: Flame Tongue
Press: ? - help, Shift-Dir - straight line, f/p - Natasha
Aim: Natasha (moderately wounded)
The flame tongue hits Natasha.
Natasha appears unharmed.
Natasha is moderately wounded.
Natasha claws you!
* * * LOW HITPOINT WARNING * * *
Casting: Flame Tongue
Confirm with . or Enter, or press ? or * to list all spells.
Aiming: Flame Tongue
Press: ? - help, Shift-Dir - straight line, f/p - Natasha
Aim: Natasha (moderately wounded)
The flame tongue hits Natasha.
Natasha is almost dead.
Natasha claws you.
You die...

.... ####... .#
....... ..##
#....) ...
.....####.#
#........###
#..h........
#.?.@..†# ##
##.......# .
...........# .#
#####....!.##.#
##.........# #
..........###
#.#############..#
#........<....#..#
#..........##.#..#


You could see Natasha.

Vanquished Creatures
  2 adders (D:2)
  An ooze (D:1)
  2 worms
  A leopard gecko (D:1)
  2 giant cockroaches
  2 goblins
  6 hobgoblins
  8 jackals (D:2)
  A ball python (D:2)
  5 bats
  5 frilled lizards
  6 kobolds
  5 rats
46 creatures vanquished.

Notes
Turn   | Place    | Note
-------+----------+-------------------------------------------
     0 | D:1      | Nattfarinn the Deep Elf Fire Elementalist began the quest for the Orb.
     0 | D:1      | Reached XP level 1. HP: 10/10 MP: 6/6
   195 | D:1      | Reached XP level 2. HP: 15/15 MP: 5/8
   733 | D:2      | Reached XP level 3. HP: 19/19 MP: 7/10
  1194 | D:2      | Found an ornate altar of the Wu Jian Council.
  1265 | D:2      | Reached XP level 4. HP: 24/24 MP: 5/11
  1355 | D:2      | Reached skill level 4 in Spellcasting
  1654 | D:3      | Noticed Natasha
  1666 | D:3      | HP: 1/24 [Natasha (7)]
  1667 | D:3      | Slain by Natasha

Skill      XL: |  1  2  3  4 |
---------------+-------------+-----
Conjurations   | 2 3 |  3.2
Spellcasting   | 4 |  4.0
Dodging        | |  2.4
Stealth        | |  2.4
Fire Magic     | |  3.9

Action                   |  1- 3 |  4- 6 || total
-------------------------+-------+-------++-------
Melee: Dagger            |     3 |     1 ||     4
 Cast: Flame Tongue      |    71 |    16 ||    87
  Use: Scroll            |     2 |       ||     2
 Stab: Sleeping          |     2 |       ||     2
  Eat: Chunk             |     1 |     1 ||     2
Armor: Robe              |     4 |       ||     4
Dodge: Dodged            |    14 |     5 ||    19
